 Dungeon Crawl Stone Soup version 0.22.1-1-ga44c0e5 (webtiles) character file.

62 brandon the Magician (level 3, -4/19 HPs)
             Began as a Deep Elf Fire Elementalist on Oct 6, 2018.
             Blown up by an orc (10 damage)
             ... with a wand of disintegration (9)
             ... on level 3 of the Dungeon.
             The game lasted 00:02:50 (1791 turns).

brandon the Magician (Deep Elf Fire Elementalist)   Turns: 1791, Time: 00:02:51

Health: -4/19      AC:  3    Str:  5    XL:     3   Next: 85%
Magic:  2/10       EV: 13    Int: 20    God:
Gold:   74         SH:  0    Dex: 15    Spells: 4/10 levels left

rFire    . . .     SeeInvis .   l - +0 dagger
rCold    . . .     Gourm    .   (no shield)
rNeg     . . .     Faith    .   a - +0 robe
rPois    .         Spirit   .   (no helmet)
rElec    .         Reflect  .   (no cloak)
rCorr    .         Harm     .   (no gloves)
MR       .....                  j - +0 pair of boots
Stlth    ++........             (no amulet)
HPRegen  0.06/turn              (no ring)
MPRegen  0.12/turn              (no ring)

@: no status effects
A: no striking features
a: no special abilities


You were on level 3 of the Dungeon.
You were not hungry.

You visited 1 branch of the dungeon, and saw 3 of its levels.

You collected 74 gold pieces.

Inventory:

Hand Weapons
 l - a +0 dagger (weapon)
Armour
 a - a +0 robe (worn)
 j - a +0 pair of boots (worn)
Jewellery
 i - an uncursed amulet of magic regeneration {unknown}
Scrolls
 b - 2 scrolls of remove curse {unknown}
 d - a scroll of blinking {unknown}
 e - 2 scrolls of identify {unknown}
 g - 3 scrolls of amnesia {unknown}
Potions
 f - 2 potions of brilliance {unknown}
 h - 2 potions of resistance {unknown}
 k - a potion of ambrosia {unknown}
 n - a potion of curing {unknown}
Comestibles
 c - 4 rations
 m - a chunk of flesh


   Skills:
 - Level 2.4 Dodging
 + Level 3.2 Stealth
 * Level 4.3 Spellcasting
 + Level 2.0 Conjurations
 + Level 3.7 Fire Magic


You had 4 spell levels left.
You knew the following spells:

 Your Spells              Type           Power        Failure   Level  Hunger
a - Flame Tongue          Conj/Fire      ###..        3%          1    None
b - Throw Flame           Conj/Fire      ###...       6%          2    #......
c - Conjure Flame         Conj/Fire      ###.....     12%         3    ###....

Your spell library contained the following spells:

 Spells                   Type           Power        Failure   Level  Hunger
 Inner Flame              Hex/Fire       ##......     17%         3    ###....
 Sticky Flame             Conj/Fire      ###.....     36%         4    ####...
 Fireball                 Conj/Fire      ###.......   71%         5    ######.


Dungeon Overview and Level Annotations

Branches:
Dungeon (3/15)

Altars:
Ashenzari
Cheibriados
Fedhas
Kikubaaqudgha
Okawaru
Wu Jian


Message History

Aim: an orc, wielding a club, wearing a leather armour and carrying a wand of The flame tongue misses the orc.
The orc zaps a wand.
You are blasted!
Ouch! That really hurt!
* * * LOW HITPOINT WARNING * * *
Casting: Flame Tongue (safe; 3% risk of failure)
Confirm with . or Enter, or press ? or * to list all spells.
Aiming: Flame Tongue (safe; 3% risk of failure)
Press: ? - help, Shift-Dir - straight line, f/p - orc
Aim: an orc, wielding a club, wearing a leather armour and carrying a wand of The flame tongue misses the orc.
Casting: Flame Tongue (safe; 3% risk of failure)
Confirm with . or Enter, or press ? or * to list all spells.
Aiming: Flame Tongue (safe; 3% risk of failure)
Press: ? - help, Shift-Dir - straight line, f/p - orc
Aim: an orc, wielding a club, wearing a leather armour and carrying a wand of The flame tongue hits the orc.
The orc is heavily wounded.
The orc zaps a wand.
You are blasted!
Ouch! That really hurt!
You die...

.....####...######≈≈≈≈≈≈≈
#......##### ≈≈≈≈≈≈≈≈
#........$. ####≈≈≈##
#..o....... ######
#.......... # #..(.....r.
####### #......# #......
#.###############.#####
#..ro.@...........#
###################
#..#.........#
#..#.#######.########
############..#.#
#.........
#............<#.#
##########
#.#############.#
#...............#
#################


You could see an orc and a rat.

Vanquished Creatures
  2 adders (D:2)
  An ooze (D:1)
  A dart slug (D:2)
  A leopard gecko (D:2)
  An orc (D:3)
  2 giant cockroaches
  2 goblins (D:2)
  A hobgoblin (D:1)
  3 jackals (D:3)
  9 kobolds
  A quokka (D:2)
  8 bats
  A frilled lizard (D:2)
  2 rats
35 creatures vanquished.

Notes
Turn   | Place    | Note
-------+----------+-------------------------------------------
     0 | D:1      | brandon the Deep Elf Fire Elementalist began the quest for
                  | the Orb.
     0 | D:1      | Reached XP level 1. HP: 10/10 MP: 6/6
     0 | D:1      | Noticed a draconian
     5 | D:1      | Noticed a minotaur skeleton
    12 | D:1      | Noticed a formicid
    14 | D:1      | Noticed a minotaur zombie
    16 | D:1      | Noticed a minotaur skeleton
    18 | D:1      | Noticed a vine stalker
   212 | D:1      | Reached XP level 2. HP: 15/15 MP: 2/8
   216 | D:1      | Learned a level 2 spell: Throw Flame
   502 | D:2      | Found a faded altar of an unknown god.
   502 | D:2      | Found a snail-covered altar of Cheibriados.
   510 | D:2      | Found an iron altar of Okawaru.
   512 | D:2      | Found an ornate altar of the Wu Jian Council.
   514 | D:2      | Found an ancient bone altar of Kikubaaqudgha.
   574 | D:2      | Found a shattered altar of Ashenzari.
   591 | D:2      | Reached XP level 3. HP: 19/19 MP: 5/10
   630 | D:2      | Learned a level 3 spell: Conjure Flame
   809 | D:2      | Reached skill level 4 in Spellcasting
   912 | D:2      | Found a blossoming altar of Fedhas.
  1670 | D:3      | Noticed a big kobold
  1791 | D:3      | Blown up by an orc

Skill      XL: |  1  2  3 |
---------------+----------+-----
Stealth        | 3 |  3.2
Spellcasting   | 4 |  4.3
Conjurations   | 2 |  2.0
Dodging        | |  2.4
Fire Magic     | |  3.7

Action                   || total
-------------------------++-------
 Cast: Flame Tongue      ||    35
       Throw Flame       ||    21
  Eat: Chunk             ||     3
Armor: Robe              ||     5
Dodge: Dodged            ||     9
